Unix NetHack Version 5.0.0-0 post-release - last build May 31 2026 23:59:36 (970b52f25bf058293b47ddfd14a1e40e571c508c,branch:main).

Game began 2026-06-05 02:54:27, ended 2026-06-06 01:50:10.

Kwijibo4686, neutral female human Valkyrie

                                                          --..--
                                                          |r..<-
                                                          -.....

Kwijibo4686 the Wererat     St:17 Dx:15 Co:18 In:7 Wi:9 Ch:9  Neutral
Dlvl:5  $:86 HP:14(14) Pw:14(14) AC:6  HD:2 T:1118  Overloaded

Latest messages:
 You stop eating the hill orc corpse.
 What do you want to throw? [$b or ?*] *
 In what direction? 4
 The kitten seems more amiable.
 Your kitten devours a tripe ration.
 You feel less confused now.
 There is a partly eaten hill orc corpse here; eat it? [ynq] (n) y
 You resume your meal.
 You finish eating the hill orc corpse.
 q - an orange potion.
 $ - 10 gold pieces (86 in total).
 There is a hill orc corpse here; eat it? [ynq] (n) y
 Blecch!  Rotten food!
 You feel rather light headed.
 A gush of water hits the kitten!
 You finish eating the hill orc corpse.
 You feel less confused now.
 The kitten drops a scimitar.
 You hear an F note squeak in the distance.
 The wererat bites!
 The wererat bites!
 The wererat bites!
 You hit the wererat!
 The wererat bites!
 You feel feverish.
 You hit the wererat.
 The wererat bites!
 You kill the wererat!
 You swap places with your kitten.
 You miss the sewer rat.
 The sewer rat bites!
 You kill the sewer rat!
 There is a sewer rat corpse here; eat it? [ynq] (n) y
 This sewer rat corpse tastes okay.
 You cannibal!  You will regret this!
 You finish eating the sewer rat corpse.
 You see here a scimitar.
 You descend the stairs.
 You turn into a wererat!
 You can no longer hold your shield!
 You can't even move a handspan with this load!
 You find you must drop your spear!
 Use the command #monster to summon help.
 Are you sure you want to pray? [yn] (n) y
 You begin praying to Odin.
 You finish your prayer.
 You feel that Odin is displeased.
 There is a +1 spear here, but you cannot lift any more.
 Really quit without saving? [yn] (n) y
 Do you want your possessions identified? [ynq] (y) q

Inventory:
 Coins    ('$')
  $ - 86 gold pieces
 Weapons  (')')
  b - a +0 dagger (alternate weapon; not wielded)
 Armor    ('[')
  p - an uncursed +0 pair of iron shoes
  h - an uncursed +0 chain mail
  n - an uncursed +0 leather armor
 Comestibles  ('%')
  d - 2 uncursed food rations
  k - an uncursed lembas wafer
  l - 2 uncursed melons
  f - 2 uncursed pancakes
  j - an uncursed lichen corpse
 Spellbooks  ('+')
  m - an uncursed spellbook of cure blindness
 Potions  ('!')
  e - a cursed potion of levitation
  q - a cursed potion of monster detection
 Tools    ('(')
  g - an uncursed skeleton key
 Gems/Stones  ('*')
  o - an uncursed flint stone

Kwijibo4686 the Valkyrie's attributes:

Background:
 You were in female wererat form.
 You were actually a Skirmisher, a level 5 human Valkyrie.
 You were neutral, on a mission for Odin
 who was opposed by Tyr (lawful) and Loki (chaotic).
 You were normally right-handed.
 You were in the Gnomish Mines, on level 5.
 You entered the dungeon 1118 turns ago.
 It was nighttime.

Basics:
 You had all 14 hit points.
 You had all 14 energy points (spell power).
 You had 2 hit dice.
 Your armor class was 6.
 Your wallet contained 86 zorkmids.
 Autopickup was on for '$?!/="' plus thrown.

Final Characteristics:
 Your strength was 17.
 Your dexterity was 15.
 Your constitution was 18.
 Your intelligence was 7.
 Your wisdom was 9.
 Your charisma was 9.

Final Status:
 You were transformed.
 You weren't hungry.
 You were overloaded; movement was not possible.
 You weren't wielding anything.
 You were unskilled in bare handed combat.
 You weren't wearing any armor.

Final Attributes:
 You were devoutly aligned.
 You were cold resistant.
 You were poison resistant.
 You were level-drain resistant.
 You were stealthy.
 You aggravated monsters.
 You regenerated.
 You were a wererat in beast form.
 You were harmed by silver.
 You were unlucky.
 You survived.

Miscellaneous:
 You didn't encounter any bones levels.
 Total elapsed playing time was 40 minutes and 27 seconds.

Major events:
 Turn
    1: Kwijibo4686 the neutral human Valkyrie entered the dungeon
  758: entered the Gnomish Mines
  780: attained the rank of Skirmisher (level 3)
 1118: quit

You didn't know any spells.

Skills:
 Fighting Skills
   bare handed combat [Unskilled]
   two weapon combat  [Unskilled]
   riding             [Unskilled]
 Weapon Skills
   dagger             [Basic]
   axe                [Unskilled]
   pick-axe           [Unskilled]
   short sword        [Unskilled]
   broadsword         [Unskilled]
   long sword         [Unskilled]
   two-handed sword   [Unskilled]
   saber              [Unskilled]
   hammer             [Unskilled]
   quarterstaff       [Unskilled]
   polearms           [Unskilled]
   spear              [Basic]
   trident            [Unskilled]
   lance              [Unskilled]
   sling              [Unskilled]
 Spellcasting Skills
   attack spells      [Unskilled]
   escape spells      [Unskilled]

Voluntary challenges:
 Character rerolling was not enabled.
 You were illiterate.
 You never genocided any monsters.
 You never polymorphed an object.
 You used no wishes.
Achievements:
 You entered a shop.
 You entered the Gnomish Mines.
 You attained the rank of Skirmisher.

 The Dungeons of Doom: levels 1 to 4
    Level 1:
    Level 2:
       A general store, some fountains.
    Level 3:
       A wand shop.
       Stairs down to The Gnomish Mines.
    Level 4:
 The Gnomish Mines: levels 4 to 5
    Level 4:
    Level 5: <- You were here.


Vanquished creatures:
  a gnome leader
  2 dwarves
  3 hill orcs
  a wererat
 an iguana
  a cave spider
 10 gnomes
  a gecko
  a jackal
  a fox
  a kobold
  2 sewer rats
  a grid bug
  3 lichens
  2 newts
31 creatures vanquished.

No species were genocided or became extinct.

Farvel Kwijibo4686 the Valkyrie...

You quit in The Gnomish Mines on dungeon level 5 with 1010 points,
and 86 pieces of gold, after 1118 moves.
You were level 5 with a maximum of 51 hit points when you quit.

